 Dungeon Crawl Stone Soup version 0.28-a0-1555-g9ae15a6949 (webtiles) character file.

Game seed: 15195971703174409194

7063 issech the Basher (level 10, -2/95 (98) HPs)
             Began as a Troll Fighter on Jan 19, 2022.
             Was a Believer of Makhleb.
             Slain by a killer bee (6 damage)
             ... summoned by an orange crystal statue
             ... on level 9 of the Dungeon.
             The game lasted 01:10:39 (10162 turns).

issech the Basher (Troll Fighter)                  Turns: 10162, Time: 01:10:39

HP:   -2/95 (98)    AC:  8    Str: 28      XL:     10   Next: 83%
MP:   2/2           EV: 11    Int:  1 (2)  God:    Makhleb [**....]
Gold: 578           SH: 14    Dex: 14      Spells: 9/9 levels left

rFire   + . .      SeeInvis .   F - +7 eveningstar "Kitatim" {antimagic, rC+ rN+ Dex+3}
rCold   . . .      Faith    .   c - +0 kite shield
rNeg    + . .      Spirit   .   a - +1 steam dragon scales
rPois   .          Reflect  .   (helmet restricted)
rElec   .          Harm     .   (no cloak)
rCorr   +          Rampage  .   (gloves unavailable)
Will    .....                   (boots unavailable)
Stlth   ++........              (no amulet)
HPRegen 1.05/turn               I - ring of fire
MPRegen 0.08/turn               K - ring of resist corrosion

@: lethally poisoned (-2 -> -2), lightly drained
A: large, unfitting armour, claws 3, regeneration 1, shaggy fur 1, tough skin 1,
large bone plates 1, dopey 1, low mp 1
a: Renounce Religion, Minor Destruction


You were on level 9 of the Dungeon.
You worshipped Makhleb.
Makhleb was pleased with you.
You visited 2 branches of the dungeon, and saw 10 of its levels.
You also visited: Sewer.

You collected 578 gold pieces.

Inventory:

Hand Weapons
 b - a +2 hand axe of electrocution
 n - a +0 dagger of venom
 o - the +11 whip "Hadill" {elec, rC+ rCorr}
   (You found it on level 2 of the Dungeon)

   It occasionally discharges a powerful burst of electricity upon striking a
   foe.
   rC:        It protects you from cold.
   rCorr:     It protects you from acid and corrosion.
 q - a +0 great mace
 r - a +0 hunting sling
 v - a +1 dagger of holy wrath
 y - a +0 vampiric short sword
 B - a +0 shortbow
 F - the +7 eveningstar "Kitatim" (weapon) {antimagic, rC+ rN+ Dex+3}
   (You acquired it on level 9 of the Dungeon)

   It reduces the magical energy of the wielder, and disrupts the spells and
   magical abilities of those it strikes.
   Natural abilities and divine invocations are not affected.
   Dex:       It affects your dexterity (+3).
   rC:        It protects you from cold.
   rN:        It protects you from negative energy.
 J - a +0 quarterstaff
 Q - a +4 falchion
 S - the +4 dagger of Disintegration {vorpal, *Slow MP+9 Stlth+}
   (You found it on level 9 of the Dungeon)

   It inflicts extra damage upon your enemies.
   MP:        It affects your magic capacity (+9).
   *Slow:     It may slow you when you take damage.
   Stlth:     It makes you more stealthy.
 W - a +4 mace of flaming
Missiles
 e - 139 arrows
 f - 297 stones
 l - 18 poisoned darts
 D - 48 bolts
 O - 4 javelins (quivered)
Armour
 a - +1 steam dragon scales (worn)
 c - a +0 kite shield (worn)
Magical Staves
 x - a staff of fire
Jewellery
 I - a ring of fire (left claw)
 K - a ring of resist corrosion (right claw)
Wands
 j - a wand of acid (4)
 C - a wand of flame (18)
 M - a wand of polymorph (4)
 R - a wand of charming (10)
 T - a wand of iceblast (5)
Scrolls
 g - 2 scrolls of blinking
 i - a scroll of brand weapon
 t - 2 scrolls of immolation
 G - 3 scrolls of torment
 N - 3 scrolls of noise
 P - a scroll of enchant armour
Potions
 d - a potion of might
 h - 3 potions of flight
 k - 4 potions of degeneration
 m - 2 potions of heal wounds
 p - 4 potions of brilliance
 s - 3 potions of lignification
 u - a potion of attraction {unknown}
 w - 2 potions of curing
 z - a potion of haste {unknown}
 A - a potion of magic {unknown}
 E - a potion of mutation
 H - a potion of resistance {unknown}
 L - a potion of ambrosia


   Skills:
 + Level 5.9 Fighting
 + Level 9.2 Maces & Flails
 + Level 6.9 Dodging
 + Level 3.0 Stealth
 + Level 6.9 Shields


You had 9 spell levels left.
You didn't know any spells.
Your spell library contained the following spells:

 Spells                   Type           Power      Damage    Failure   Level
 Foxfire                  Conj/Fire      0%         2x1d4     82%         1
 Freeze                   Ice            0%         1d3       82%         1
 Sandblast                Erth           0%         2d4       82%         1
 Passwall                 Tmut/Erth      0%         N/A       91%         2
 Inner Flame              Hex/Fire       0%         N/A       99%         3
 Stone Arrow              Conj/Erth      0%         3d7       99%         3
 Tukima's Dance           Hex            0%         N/A       99%         3
 Passage of Golubria      Tloc           0%         N/A       100%        4
 Silence                  Hex/Air        0%         N/A       100%        5
 Summon Forest            Summ/Tloc      0%         N/A       100%        5
 Summon Mana Viper        Hex/Summ       0%         N/A       100%        5
 Yara's Violent Unravell  Hex/Tmut       0%         3d3       100%        5
 Starburst                Conj/Fire      0%         6d3       100%        6
 Summon Cactus Giant      Summ           0%         N/A       100%        6
 Ignition                 Fire           0%         3d3       100%        8
 Lehudib's Crystal Spear  Conj/Erth      0%         10d2      100%        8


Dungeon Overview and Level Annotations

Branches:
Dungeon (9/15)             Temple (1/1) D:7            Lair (0/6) D:9
  Sewer (visited)
    Orc: D:9-12

Altars:
Ashenzari
Cheibriados
Dithmenos
Elyvilon
Fedhas
Gozag
Hepliaklqana
Kikubaaqudgha
Makhleb
Nemelex Xobeh
Okawaru
Qazlal
Ru
Sif Muna
Trog
Uskayaw
Vehumet
Wu Jian
Xom
Yredelemnul
Zin
The Shining One

Shops:
D:2 !

Annotations:
D:9 exclusion: orange crystal statue


Innate Abilities, Weirdness & Mutations

You are too large for most types of armour.
You have claws for hands.
Your natural rate of healing is unusually fast.
You are covered in fur. (AC +1)
You have tough skin. (AC +1)
You are partially covered in large bone plates. (SH +4)
You are dopey. (Int -2)
Your magical capacity is low. (-10% MP)


Message History

You feel very sick. You block the killer bee's attack.
The killer bee closely misses you. The killer bee stings you.
The killer bee stings you but does no damage.
You closely miss the killer bee.
You feel very sick. The killer bee barely misses you.
You block the killer bee's attack. The killer bee barely misses you. x2
You barely miss the killer bee.
You feel very sick.
You block the killer bee's attack. x2; The killer bee stings you.
You are more poisoned.
The killer bee poisons you! The killer bee stings you!
* * * LOW HITPOINT WARNING * * *
You hit the killer bee.
The killer bee is moderately wounded.
You feel very sick. The killer bee misses you.
The killer bee barely misses you. You block the killer bee's attack.
The killer bee stings you but does no damage.
You block the killer bee's attack.
The killer bee stings you but does no damage.
You feel very sick.
You feel sick. You block the killer bee's attack. x2
You feel sick. You block the killer bee's attack.
The killer bee stings you but does no damage.
You feel sick. You block the killer bee's attack. The killer bee stings you.
* * * LOW HITPOINT WARNING * * *
You are more poisoned.
The killer bee poisons you!
You feel very sick. The killer bee barely misses you.
You feel sick. You block the killer bee's attack. x2
You feel very sick. The killer bee misses you.
You feel sick. You block the killer bee's attack. x2
The killer bee stings you but does no damage.
You feel sick. You block the killer bee's attack.
The killer bee barely misses you. The killer bee stings you.
You die...

............<...........#
...........############.#
...........# #.#
...........# #.#
...........# #.#
...........############.#
........................#
................yy......#
................@Sy.....#
..............#'#y......#
............###.###.....#
..........###.....###...#
..........#...#'#...#...#
.........##.###.###.##..#
#######..#..#.....#..#..#
#.##.##..?..##.##Z#
#######.'..'..?8$..'yS'.#


You could see a water moccasin (summoned) and 4 killer bees.

Vanquished Creatures
  A manticore (D:9)
  2 hornets
  12 yaks
  3 wyverns (D:9)
  A vampire (D:9)
  2 humans (D:8)
  A steam dragon (D:7)
  An acid dragon (D:9)
  5 water moccasins
  Pargi (Sewer)
  3 ice beasts (D:8)
  2 black bears
  3 sky beasts
  2 necrophages
  An orc warrior (D:8)
  3 ogres
  2 centaurs
  A kobold brigand (D:4)
  2 bullfrogs
  2 scorpions
  A water moccasin skeleton (D:4)
  8 wights
  A howler monkey (D:6)
  2 bullfrog zombies
  6 orc priests
  A hound (D:6)
  3 iguanas
  A scorpion zombie (D:5)
  4 orc wizards
  2 howler monkey zombies
  Robin (D:4)
  3 howler monkey skeletons
  6 adders
  A river rat (D:3)
  A shadow imp (D:6)
  2 white imps
  An ufetubus (D:5)
  6 worms
  5 dart slugs
  21 orcs
  7 ball pythons
  9 bats
  11 endoplasms
  7 giant cockroaches
  18 goblins
  8 hobgoblins
  6 quokkas
  8 frilled lizards
  10 kobolds
  11 rats
221 creatures vanquished.

Vanquished Creatures (others)
  A bush (D:9)
  4 fungi (D:9)
  14 plants
19 creatures vanquished.

Grand Total: 240 creatures vanquished

Notes
Turn   | Place    | Note
-------+----------+-------------------------------------------
     0 | D:1      | issech the Troll Fighter began the quest for the Orb.
     0 | D:1      | Reached XP level 1. HP: 22/22 MP: 0/0
   145 | D:1      | Reached XP level 2. HP: 29/29 MP: 1/1
   316 | D:1      | Reached skill level 2 in Maces & Flails
   419 | D:1      | Reached XP level 3. HP: 36/36 MP: 2/2
  1251 | D:2      | Reached XP level 4. HP: 28/44 MP: 3/3
  1308 | D:2      | Identified the +11 whip "Hadill" {elec, rC+ rCorr}
  1430 | D:2      | Noticed an ogre
  1434 | D:2      | Killed an ogre
  1435 | D:2      | Reached skill level 3 in Maces & Flails
  1435 | D:2      | Reached XP level 5. HP: 53/53 MP: 4/4
  1487 | D:2      | Found Hifamim's Distillery.
  1787 | D:3      | Noticed an ogre
  1796 | D:3      | Reached skill level 4 in Maces & Flails
  1796 | D:3      | Reached XP level 6. HP: 46/61 MP: 5/5
  2041 | D:3      | Found a glowing drain.
  2051 | Sewer    | Entered a sewer
  2087 | Sewer    | Noticed Pargi
  2092 | Sewer    | Killed Pargi
  2600 | D:4      | Reached XP level 7. HP: 67/67 MP: 6/6
  2826 | D:4      | Reached skill level 5 in Maces & Flails
  3102 | D:4      | Got the Disquisition on Ignition and the Glacier
  3142 | D:4      | Reached skill level 1 in Stealth
  3153 | D:4      | Noticed Robin
  3212 | D:4      | Gained mutation: You sometimes lose the ability to read
                  | scrolls when taking damage. [potion of mutation]
  3213 | D:4      | Lost mutation: You sometimes lose the ability to read
                  | scrolls when taking damage. [potion of mutation]
  3213 | D:4      | Gained mutation: Your magical capacity is low. (-10% MP)
                  | [potion of mutation]
  3213 | D:4      | Gained mutation: You occasionally shout uncontrollably at
                  | your foes. [potion of mutation]
  3213 | D:4      | Gained mutation: You are clumsy. (Dex -2) [potion of
                  | mutation]
  3213 | D:4      | Gained mutation: A frigid envelope surrounds you and
                  | freezes all who hurt you. [potion of mutation]
  3277 | D:4      | Killed Robin
  3503 | D:5      | Entered Level 5 of the Dungeon
  3550 | D:5      | Lost mutation: Your magical capacity is low. (-10% MP)
                  | [potion of mutation]
  3550 | D:5      | Lost mutation: You occasionally shout uncontrollably at
                  | your foes. [potion of mutation]
  3550 | D:5      | Lost mutation: A frigid envelope surrounds you and freezes
                  | all who hurt you. [potion of mutation]
  3550 | D:5      | Gained mutation: Your magical capacity is low. (-10% MP)
                  | [potion of mutation]
  3550 | D:5      | Gained mutation: Your magical capacity is very low. (-20%
                  | MP) [potion of mutation]
  3655 | D:5      | Lost mutation: You are clumsy. (Dex -2) [potion of
                  | mutation]
  3655 | D:5      | Lost mutation: Your magical capacity is very low. (-20% MP)
                  | [potion of mutation]
  3655 | D:5      | Gained mutation: You are partially covered in large bone
                  | plates. (SH +4) [potion of mutation]
  3655 | D:5      | Gained mutation: You have hidden genetic defects. [potion
                  | of mutation]
  3655 | D:5      | Gained mutation: You are dopey. (Int -2) [potion of
                  | mutation]
  3655 | D:5      | Lost mutation: You have hidden genetic defects. [potion of
                  | mutation]
  3717 | D:5      | Reached XP level 8. HP: 78/78 MP: 6/6
  3767 | D:5      | Reached skill level 6 in Maces & Flails
  5601 | D:7      | Reached skill level 7 in Maces & Flails
  5601 | D:7      | Reached XP level 9. HP: 44/85 MP: 7/7
  5691 | D:7      | Found a staircase to the Ecumenical Temple.
  5698 | Temple   | Entered the Ecumenical Temple
  5920 | Temple   | Became a worshipper of Makhleb the Destroyer
  6342 | D:7      | Found a hazy altar of Hepliaklqana.
  6355 | D:7      | Found a glowing silver altar of Zin.
  7019 | D:7      | Reached skill level 5 in Dodging
  7392 | D:8      | Reached skill level 5 in Shields
  7634 | D:8      | Reached skill level 5 in Fighting
  7897 | D:8      | Reached * piety under Makhleb
  7992 | D:8      | Found a snail-covered altar of Cheibriados.
  8152 | D:8      | Found an iron altar of Okawaru.
  8176 | D:8      | Reached skill level 8 in Maces & Flails
  8661 | D:9      | Reached XP level 10. HP: 84/96 MP: 8/8
  8800 | D:9      | Found a staircase to the Lair.
  8865 | D:9      | Found a runed translucent door.
  8882 | D:9      | Found a runed translucent door.
  8951 | D:9      | Noticed a manticore
  8961 | D:9      | Killed a manticore
  9092 | D:9      | Reached ** piety under Makhleb
  9102 | D:9      | Reached skill level 9 in Maces & Flails
  9261 | D:9      | Found a runed translucent door.
  9277 | D:9      | Found a runed translucent door.
  9451 | D:9      | Identified a scroll of acquirement
  9451 | D:9      | Acquired the +7 eveningstar "Kitatim" {antimagic, rC+ rN+
                  | Dex+3}
  9526 | D:9      | Noticed an orange crystal statue
  9568 | D:9      | Identified the +4 dagger of Disintegration {vorpal, *Slow
                  | MP+9 Stlth+}
 10102 | D:9      | Noticed a centaur warrior
 10162 | D:9      | HP: 4/95 [poisoned by a killer bee]
 10162 | D:9      | Slain by a killer bee

Illustrated notes

Levels and vault maps discovered:
D:1:      scummos_arrival_star, layout_basic, grunt_decor_mini_mirrors,
          grunt_decor_cap, minmay_lizard_pond
D:2:      cheibrodos_old_hovel, layout_basic, serial_shops, nicolae_diamond_shop
D:3:      layout_loops_cross, portal_sewer_entry_a, minmay_divided_ellipse
D:4:      layout_gridville, minmay_checkerbox, uniq_robin
D:5:      layout_loops_ring
D:6:      layout_layer_cave, grunt_decor_one_mirror
D:7:      layout_gridville, nicolae_overflow_squiral, temple_green
D:8:      layout_loops_corners, lemuel_crystal_altar, okawaru_humans
D:9:      layout_long_grid, minmay_lair_entry_grove, minmay_statue_crystal_thing
Temple:   mainiacjoe_temple_coin_purse

Skill      XL: |  1  2  3  4  5  6  7  8  9 10 |
---------------+-------------------------------+-----
Maces & Flails | 2 3 4 5 7 8 9 |  9.2
Fighting       | 3 4 5 |  5.9
Dodging        | 3 4 5 6 |  6.9
Shields        | 3 4 5 6 |  6.9
Stealth        | 1 2 3 |  3.0

Action                   |  1- 3 |  4- 6 |  7- 9 | 10-12 || total
-------------------------+-------+-------+-------+-------++-------
Melee: Flail             |   129 |     5 |       |       ||   134
       Whip              |       |    95 |   271 |   125 ||   491
       Eveningstar       |       |       |       |    48 ||    48
  Use: Scroll            |       |     9 |    10 |     5 ||    24
       Potion            |       |       |     4 |     1 ||     5
 Stab: Sleeping          |     1 |     1 |     1 |       ||     3
Armor: Robe              |    49 |    35 |     8 |       ||    92
       Animal skin       |       |       |    20 |       ||    20
       Steam dragon scal |       |       |    18 |    72 ||    90
Dodge: Dodged            |    44 |    43 |    57 |    90 ||   234
Block: Kite shield       |    59 |    33 |   105 |   175 ||   372

Table legend: (Time is in decaauts)
 A = Elapsed time spent in this place.
 B = Non-inter-level travel time spent in this place.
 C = Inter-level travel time spent in this place.
 D = Time resting spent in this place.
 E = Time spent auto-exploring this place.
 F = Levels seen in this place.
 G = Mean time per level.
                   A        B        C        D        E       F      G
               +--------+--------+--------+--------+--------+-----+--------+
         Total |  10191 |   9884 |    307 |    357 |   3382 |  11 |  926.5 |
       Dungeon |   9690 |   9388 |    302 |    357 |   3286 |   9 | 1076.7 |
        Temple |    263 |    258 |      5 |      0 |     96 |   1 |  263.0 |
         Sewer |    236 |    236 |      0 |      0 |      0 |   1 |  236.0 |
               +--------+--------+--------+--------+--------+-----+--------+

Top non-repeatable levels by time:
     D:9: 1608 daAuts
     D:8: 1438 daAuts
     D:7: 1341 daAuts
     D:6: 1156 daAuts
     D:1: 1056 daAuts
     D:4: 906 daAuts
     D:5: 806 daAuts
     D:3: 783 daAuts
     D:2: 592 daAuts
  Temple: 263 daAuts
   Sewer: 236 daAuts
